 Dungeon Crawl Stone Soup version 0.19-a0-1553-g64c24c3 (webtiles) character file.

727 LORDOFBUTT the Chopper (level 7, -13/61 HPs)
             Began as a Minotaur Fighter on Sept 14, 2016.
             Mangled by Pikel
             ... wielding a +0 whip of electrocution
              (14 damage)
             ... on level 5 of the Dungeon.
             The game lasted 00:04:36 (3335 turns).

LORDOFBUTT the Chopper (Minotaur Fighter)           Turns: 3335, Time: 00:04:37

Health: -13/61     AC:  7    Str: 20    XL:     7   Next: 44%
Magic:  6/6        EV:  8    Int:  5    God:
Gold:   120        SH: 10    Dex: 12    Spells: 0 memorised, 6 levels left

rFire  . . .     SeeInvis .     a - +0 war axe
rCold  . . .     Gourm    .     b - +0 scale mail
rNeg   . . .     Faith    .     c - +0 shield
rPois  .         Spirit   .     (helmet restricted)
rElec  .         Dismiss  .     (no cloak)
rCorr  .         Reflect  .     (no gloves)
MR     +....     Harm     .     (no boots)
Stlth  ..........               l - amulet of magic regeneration
                                (no ring)
                                k - ring of protection from magic

@: very slightly contaminated, hasted, very quick
A: retaliatory headbutt, horns 2
a: no special abilities


You were on level 5 of the Dungeon.
You were not hungry.

You visited 1 branch of the dungeon, and saw 5 of its levels.

You collected 197 gold pieces.
You spent 77 gold pieces at shops.

Inventory:

Hand Weapons
 a - a +0 war axe (weapon)
Armour
 b - a +0 scale mail (worn)
 c - a +0 shield (worn)
Jewellery
 j - an uncursed ring of magical power
 k - a ring of protection from magic (left hand)
 l - an amulet of magic regeneration (around neck)
 w - an uncursed ring of wizardry
Wands
 y - a wand of random effects (5/48)
Scrolls
 e - 2 scrolls of amnesia {unknown}
 g - a scroll of fear {unknown}
 n - 2 scrolls of recharging {unknown}
 o - a scroll of teleportation {unknown}
 p - a scroll of random uselessness {unknown}
 q - 2 scrolls of remove curse {unknown}
 t - 2 scrolls of magic mapping {unknown}
 u - 3 scrolls of identify {unknown}
 B - a scroll of noise {unknown}
 C - a scroll of vulnerability {unknown}
Potions
 h - a potion of lignification {unknown}
 i - 3 potions of ambrosia {unknown}
 r - a potion of berserk rage {unknown}
 s - 3 potions of agility {unknown}
 v - a potion of magic {unknown}
 x - 2 potions of heal wounds {unknown}
 z - a potion of curing {unknown}
Books
 f - a book of Conjurations

   Spells                             Type                      Level
   a - Magic Dart                     Conjuration                  1
   b - Searing Ray                    Conjuration                  2
   c - Dazzling Spray                 Conjuration/Hexes            3
   d - Fulminant Prism                Conjuration/Hexes            4
   e - Iskenderun's Mystic Blast      Conjuration                  4
   f - Iskenderun's Battlesphere      Conjuration/Charms           5
Comestibles
 m - 2 meat rations
 D - a bread ration


   Skills:
 + Level 5.2 Fighting
 + Level 7.2 Axes
 + Level 5.4 Armour
 + Level 1.5 Dodging
 + Level 0.5 Stealth
 + Level 5.1 Shields


You had 6 spell levels left.
You didn't know any spells.

Dungeon Overview and Level Annotations

Branches:
Dungeon (5/15)
 Temple: D:4-7

Altars:
Dithmenos
Okawaru
Ru

Shops:
D:4 =((

Annotations:
D:5 Pikel


Innate Abilities, Weirdness & Mutations

You reflexively headbutt those who attack you in melee.
You have a pair of horns on your head.


Message History

Pikel is severely wounded.
You hit the scorpion.
You closely miss the slave. x2; You hit the slave.
You block the slave's attack. The scorpion closely misses you.
You block Pikel's attack.
You hit Pikel.
Pikel is severely wounded.
You hit the slave.
Your shield prevents you from hitting the slave.
You slash the slave! You hit the scorpion but do no damage.
The slave hits you but does no damage. The slave barely misses you.
You furiously retaliate!
You headbutt the slave! You hit Pikel but do no damage.
Pikel is severely wounded.
You closely miss the slave. You barely miss the slave. You hit the slave.
You slash the scorpion! You block the scorpion's attack.
The slave hits you but does no damage.
Pikel hits you with a whip of electrocution.
* * * LOW HITPOINT WARNING * * *
You are electrocuted!
You die...

#..## .. ##........#
....#
..#..######..#.......
###...
............##.......
.....###.#####...(...
.##..........##....>#
.............###...##
###..........# #####
#....p..##...#
#...@p..##...#
.[.#..sKp..##...#
.......p...)...####
....###.######.#.'#.#.#
... #..# #....PP.# ..
#..# #....PP## . ##.##
##..+P## ##...## ######
##.....##


You could see Pikel, 4 slaves and a scorpion.

Vanquished Creatures
  Grinder (D:4)
  A gnoll sergeant (D:4)
  A scorpion (D:4)
  A hound (D:4)
  2 orc priests (D:3)
  Jessica (D:2)
  Natasha (thrice) (D:3)
  A worker ant (D:5)
  4 gnolls (D:4)
  3 adders
  An ooze (D:3)
  5 worms
  3 dart slugs
  4 giant geckos
  14 orcs
  7 bats
  4 giant cockroaches
  3 goblins
  8 hobgoblins
  12 jackals
  3 quokkas
  A ball python (D:3)
  4 frilled lizards
  A giant gecko skeleton (D:4)
  A jackal skeleton (D:4)
  9 kobolds
  20 rats
118 creatures vanquished.

Notes
Turn   | Place    | Note
-------+----------+-------------------------------------------
     0 | D:1      | LORDOFBUTT the Minotaur Fighter began the quest for the Orb.
     0 | D:1      | Reached XP level 1. HP: 19/19 MP: 0/0
    47 | D:1      | Reached XP level 2. HP: 24/27 MP: 1/1
   281 | D:1      | Reached XP level 3. HP: 33/33 MP: 2/2
   502 | D:1      | Reached skill level 3 in Axes
   772 | D:2      | Noticed Jessica
   777 | D:2      | Killed Jessica
   777 | D:2      | Reached XP level 4. HP: 39/40 MP: 3/3
  1086 | D:2      | Reached skill level 4 in Axes
  1447 | D:3      | Noticed Natasha
  1452 | D:3      | Killed Natasha
  1469 | D:3      | Reached XP level 5. HP: 44/47 MP: 4/4
  1498 | D:3      | Noticed Natasha
  1506 | D:3      | Killed Natasha
  1513 | D:3      | Reached skill level 5 in Axes
  1555 | D:3      | Found a faded altar of an unknown god.
  1604 | D:3      | Found a shadowy altar of Dithmenos.
  1689 | D:3      | Noticed Natasha
  1697 | D:3      | Killed Natasha
  1697 | D:3      | Reached XP level 6. HP: 33/53 MP: 5/5
  2013 | D:4      | Reached skill level 1 in Dodging
  2017 | D:4      | Noticed Grinder
  2018 | D:4      | Paralysed by Grinder for 5 turns
  2027 | D:4      | Paralysed by Grinder for 2 turns
  2268 | D:4      | Killed Grinder
  2268 | D:4      | Reached skill level 5 in Fighting
  2268 | D:4      | Reached skill level 6 in Axes
  2268 | D:4      | Reached skill level 5 in Armour
  2268 | D:4      | Reached skill level 5 in Shields
  2304 | D:4      | Reached XP level 7. HP: 60/61 MP: 6/6
  2410 | D:4      | Found an iron altar of Okawaru.
  2424 | D:4      | Reached skill level 7 in Axes
  2639 | D:4      | Found Porebani's Jewellery Shoppe.
  2700 | D:4      | Found Tuafus's Antique Weapon Shop.
  2729 | D:4      | Found Ynuets's Antique Weapon Boutique.
  2781 | D:5      | Entered Level 5 of the Dungeon
  2807 | D:4      | Bought a runed war axe for 77 gold pieces
  3041 | D:5      | Found a sacrificial altar of Ru.
  3067 | D:5      | Noticed Pikel
  3335 | D:5      | HP: 1/61 [Pikel/whip of electrocution (5)]
  3335 | D:5      | Mangled by Pikel

Vault maps used:
D:1:      erik_arrival_orb_chamber
D:2:      uniq_jessica
D:3:      ecumenical_altar_2, grunt_dithmenos_smoke_and_mirrors, uniq_natasha
D:4:      serial_shops, nicolae_shop_trees, kennysheep_mini_moat, shop,
          kennysheep_okawaru_gauntlet, uniq_grinder
D:5:      nicolae_overflow_crystal_walls, lemuel_round_altar, serial_shops,
          shop, first_bread, uniq_pikel, uniq_crazy_yiuf_cottage

Skill      XL: |  1  2  3  4  5  6  7 |
---------------+----------------------+-----
Fighting       | 4 5 |  5.2
Shields        | 4 5 |  5.1
Axes           | 3 4 5 6 7 |  7.2
Armour         | 4 5 |  5.4
Dodging        | 1 |  1.5
Stealth        | |  0.5

Action                   |  1- 3 |  4- 6 |  7- 9 || total
-------------------------+-------+-------+-------++-------
Melee: War axe           |    87 |   133 |    71 ||   291
       Headbutt          |    10 |    18 |    19 ||    47
  Use: Potion            |       |     1 |     2 ||     3
  Eat: Beef jerky        |       |     2 |       ||     2
       Meat ration       |       |     1 |       ||     1
       Bread ration      |       |     1 |       ||     1
       Pizza             |       |       |     1 ||     1
Armor: Scale mail        |    42 |    43 |    28 ||   113
Dodge: Dodged            |    31 |    46 |    34 ||   111
Block: Shield            |    44 |    55 |    56 ||   155
